Map: Iron Fortress LE (Void)

Players

Hacker

  • Race: Terran Terran
  • League: Grandmaster

wabbajack - Winner!

  • Race: Terran Terran
  • League: Grandmaster

VOD

Have the link to the VOD?

Description

Time

  • Played on: July 13, 2015, 11:48 a.m.
  • Length: 5:59
Show
View Real Time Build Order
Export as new Build Order

Hacker Terran 

Build Orders: 1/1/1, Banshee Rush 

Get SALT Encoding   

  12  0:01  SCV  
  13  0:13  SCV  
  14  0:20  Supply Depot  
  14  0:26  SCV  
  15  0:30  Refinery  
  15  0:42  SCV  
  16  0:47  Barracks  
  16  0:54  SCV  
  17  1:17  SCV  
  17  1:18  Supply Depot  
  18  1:43  Factory  
  18  1:45  Marine  
  19  2:00  Refinery  
  20  2:01  Orbital Command  
  20  2:03  Marine  
  19  2:21  Marine  
  20  2:27  Factory Tech Lab  
  20  2:28  Starport  
  20  2:29  SCV  
  21  2:39  Marine  
  22  2:54  Siege Tank  
  25  3:00  Marine  
  26  3:12  Engineering Bay  
  26  3:15  Starport Tech Lab  
  26  3:16  SCV, Engineering Bay  
  26  3:18  Marine  
  28  3:36  Marine  
  28  3:37  Cloaking Field  
  29  3:50  Terran Infantry Weapons Level 1, Supply Depot  
  29  3:52  Supply Depot  
  29  3:54  Marine  
  30  4:07  SCV  
  31  4:12  Banshee, Marine  
  35  4:23  Siege Tank  
  32  4:53  Marine  
  32  4:59  Banshee  
  36  5:07  SCV  
  36  5:11  Marine  
  38  5:22  Command Center  
  38  5:36  Marine  
Show
View Real Time Build Order
Export as new Build Order

wabbajack Terran - Winner!

Build Orders:  

Get SALT Encoding   

  12  0:01  SCV  
  13  0:13  SCV  
  14  0:19  Supply Depot  
  14  0:25  SCV  
  15  0:41  SCV  
  16  0:52  Refinery  
  16  0:53  SCV, Refinery  
  16  0:55  Barracks  
  17  1:00  Refinery  
  17  1:07  SCV  
  18  1:19  SCV  
  19  1:31  SCV  
  20  1:44  Supply Depot, Marine  
  21  1:48  Orbital Command  
  21  1:55  Factory  
  21  2:03  Marine  
  22  2:14  SCV  
  23  2:27  SCV  
  23  2:28  Barracks Reactor  
  24  2:35  Supply Depot  
  24  2:45  Armory  
  24  2:50  Starport  
  24  2:51  Factory Tech Lab  
  24  3:04  SCV, Supply Depot  
  25  3:06  Marine x2  
  27  3:16  SCV  
  28  3:27  Supply Depot  
  28  3:28  SCV  
  28  3:32  Thor  
  28  3:34  Marine x2  
  36  3:40  Medivac  
  39  3:45  SCV  
  40  3:51  Marine x2  
  40  3:52  Supply Depot  
  42  4:01  SCV  
  43  4:09  Marine x2  
  45  4:13  SCV  
  45  4:15  Thor  
  52  4:27  Marine x2  
  54  4:39  Medivac  
  54  4:45  Supply Depot, Marine x2  
  58  5:10  Supply Depot  
  58  5:19  Command Center  
  64  5:35  Supply Depot  
Tags
 
Add a new tag
Caveats
  • Supply blocks, unpowered buildings, or Contaminate may cause inaccurate times.
  • Supply counts are checked every 10 seconds.